 Dungeon Crawl Stone Soup version 0.28-a0-1616-g050a50673c (webtiles) character file.

Game seed: 11947356560028238215

3722 a3don the Digger (level 9, -2/84 HPs)
             Began as a Troll Earth Elementalist on Jan 23, 2022.
             Was a Priest of Fedhas.
             Slain by a hornet (10 damage)
             ... while paralysed by a hornet
             ... on level 8 of the Dungeon.
             The game lasted 00:27:51 (8870 turns).

a3don the Digger (Troll Earth Elementalist)         Turns: 8870, Time: 00:27:52

Health: -2/84      AC:  4    Str: 18    XL:     9   Next: 92%
Magic:  11/13      EV:  1    Int: 21    God:    Fedhas [***...]
Gold:   459        SH:  0    Dex: 10    Spells: 5/15 levels left

rFire   . . .      SeeInvis .     - Unarmed
rCold   . . .      Faith    .   (no shield)
rNeg    + . .      Spirit   .   b - +0 robe
rPois   .          Reflect  .   (helmet restricted)
rElec   .          Harm     .   (no cloak)
rCorr   .          Rampage  .   (gloves unavailable)
Will    .....                   (boots unavailable)
Stlth   +.........              n - amulet of regeneration
HPRegen 1.84/turn               i - ring of positive energy
MPRegen 0.13/turn               G - +6 ring of intelligence

@: paralysed, lethally poisoned (-2 -> -7), slowed
A: large, unfitting armour, claws 3, regeneration 1, shaggy fur 1, tough skin 1
a: Renounce Religion, Wall of Briars, Grow Ballistomycete


You were on level 8 of the Dungeon.
You worshipped Fedhas.
Fedhas was most pleased with you.
You visited 1 branch of the dungeon, and saw 8 of its levels.
You also visited: Sewer and Bailey.

You collected 459 gold pieces.

Inventory:

Hand Weapons
 d - a +0 dagger of venom
 g - a +0 giant spiked club
 D - the +9 rapier of Narrow Purpose {freeze, Str+8}
   (You found it on level 6 of the Dungeon)

   It freezes those it strikes, dealing additional cold damage.
   It can also slow down cold-blooded creatures.
   Str:       It affects your strength (+8).
Missiles
 a - 32 poisoned darts (quivered)
 c - 140 stones
 s - 4 curare-tipped darts
 H - 12 boomerangs
 J - 4 atropa-tipped darts
Armour
 b - a +0 robe (worn)
 j - a +0 cloak
 K - a scarf of invisibility
Magical Staves
 F - a staff of fire
Jewellery
 i - a ring of positive energy (left claw)
 n - an amulet of regeneration (around neck)
 A - an amulet of reflection
 G - a +6 ring of intelligence (right claw)
Scrolls
 e - 12 scrolls of identify {unknown}
 f - a scroll of noise {unknown}
 h - a scroll of immolation {unknown}
 k - a scroll of silence {unknown}
 o - a scroll of fog {unknown}
 u - 2 scrolls of enchant weapon {unknown}
 w - a scroll of blinking {unknown}
 y - 2 scrolls of amnesia {unknown}
 z - 2 scrolls of magic mapping {unknown}
 E - a scroll of fear {unknown}
 I - a scroll of teleportation {unknown}
Potions
 l - 3 potions of heal wounds {unknown}
 m - 3 potions of attraction {unknown}
 p - 5 potions of brilliance {unknown}
 q - a potion of haste {unknown}
 r - 3 potions of cancellation {unknown}
 t - a potion of flight {unknown}
 v - 2 potions of curing {unknown}
 x - a potion of might {unknown}
 B - a potion of magic {unknown}
 C - a potion of mutation {unknown}
 L - a potion of degeneration {unknown}


   Skills:
 + Level 4.3 Fighting
 + Level 3.4 Dodging
 - Level 1.0 Stealth
 + Level 5.2 Unarmed Combat
 + Level 3.6 Spellcasting
 + Level 2.7 Conjurations
 - Level 4.0 Transmutations
 * Level 0.6 Fire Magic
 - Level 5.6 Earth Magic
 * Level 4.3 Invocations


You had 5 spell levels left.
You knew the following spells:

 Your Spells              Type           Power      Damage    Failure   Level
a - Sandblast             Erth           54%        2d13      1%          1
b - Stone Arrow           Conj/Erth      42%        3d9       7%          3
c - Passwall              Tmut/Erth      20%        N/A       2%          2
d - Sticky Flame          Conj/Fire      10%        2d3       52%         4

Your spell library contained the following spells:

 Spells                   Type           Power      Damage    Failure   Level
 Static Discharge         Conj/Air       9%         N/A       11%         2
 Petrify                  Tmut/Erth      24%        N/A       17%         4
 Dazzling Flash           Conj/Hex       18%        N/A       22%         3
 Gell's Gravitas          Tloc           3%         N/A       36%         3
 Teleport Other           Tloc           3%         N/A       36%         3
 Tukima's Dance           Hex            3%         N/A       36%         3
 Anguish                  Hex/Necr       1%         N/A       77%         4
 Animate Dead             Necr           1%         N/A       77%         4
 Dispel Undead            Necr           3%         3d7       77%         4
 Agony                    Necr           3%         N/A       98%         5
 Silence                  Hex/Air        1%         N/A       98%         5
 Dispersal                Tloc           1%         N/A       100%        6
 Enfeeble                 Hex            1%         N/A       100%        7
 Haunt                    Necr/Summ      1%         N/A       100%        7
 Infestation              Necr           1%         N/A       100%        8


Dungeon Overview and Level Annotations

Branches:
Dungeon (8/15)             Temple (0/1) D:5            Lair (0/6) D:8
  Sewer (visited)          Bailey (visited)

Altars:
Fedhas
Kikubaaqudgha
Nemelex Xobeh
Qazlal
Ru
The Shining One

Shops:
D:5 :   D:7 (


Innate Abilities, Weirdness & Mutations

You are too large for most types of armour.
You have claws for hands.
Your natural rate of healing is unusually fast.
You are covered in fur. (AC +1)
You have tough skin. (AC +1)


Message History

The hornet is lightly wounded.
The hornet stings you.
You are poisoned.
You feel as though you will be slow longer.
The hornet barely misses you.
Casting: Stone Arrow (dangerous; 7% risk of failure)
Confirm with . or Enter, or press ? or * to list all spells.
Aiming: Sandblast (safe; 1% risk of failure)
Press: ? - help, Shift-Dir - straight line, f - hornet
Aim: a hornet (lightly wounded, 71% to hit)
The blast of sand hits the hornet.
The hornet is moderately wounded.
c - 141 stones You feel very sick.
The hornet stings you!
You are more poisoned.
You feel as though you will be slow longer.
The hornet barely misses you.
Casting: Sandblast (safe; 1% risk of failure)
Confirm with . or Enter, or press ? or * to list all spells.
Aiming: Sandblast (safe; 1% risk of failure)
Press: ? - help, Shift-Dir - straight line, f/p - hornet
Aim: a hornet (moderately wounded, 71% to hit)
The blast of sand hits the hornet but does no damage.
The hornet is moderately wounded.
c - 140 stones You feel extremely sick.
The hornet stings you!
You are more poisoned.
You feel as though you will be slow longer.
The hornet stings you!
* * * LOW HITPOINT WARNING * * *
You suddenly lose the ability to move!
* * * LOW HITPOINT WARNING * * *
You feel very sick.
The hornet stings you but does no damage. x2
You feel very sick. The hornet stings you!
You die...
Fedhas appreciates your contribution to the ecosystem.

## .. ### #. #+#.. #.
....# # #.# #######
....# #.#.y#..≈≈≈..
....# #.#.#@.≈...≈.
....# #..#...≈._.≈.
....# #.#..≈...≈.
....##########..#..≈≈≈..
#+#..............#######
.....############.....
.....'...... .####
.....######## #
####.........


You could see a hornet.

Vanquished Creatures
  An orc knight (D:7)
  Menkaure (D:4)
  3 water moccasins
  2 ice beasts
  2 black bears
  3 orc warriors
  4 ogres
  A centaur (D:5)
  6 kobold brigands
  An elf zombie (D:6)
  A bullfrog (D:7)
  2 elf skeletons (D:6)
  4 scorpions
  A wyvern skeleton (D:6)
  A bullfrog zombie (D:7)
  A human zombie (D:6)
  2 centaur zombies
  A jelly (D:5)
  An orc priest (D:6)
  6 human skeletons (D:6)
  3 iguanas
  An iron imp (D:5)
  A centaur skeleton (D:4)
  3 orc wizards
  2 howler monkey skeletons
  3 gnolls (D:4)
  9 adders
  6 river rats
  A shadow imp (D:5)
  3 worms
  2 dart slugs
  8 orcs
  10 ball pythons
  6 bats
  9 endoplasms
  3 giant cockroaches
  5 goblins
  8 hobgoblins
  5 jackals
  15 kobolds
  4 quokkas
  2 frilled lizards
  2 hobgoblin zombies (D:5)
  A kobold skeleton (D:5)
  2 kobold zombies (D:5)
  An orc skeleton (D:5)
  2 orc zombies
  18 rats
179 creatures vanquished.

Vanquished Creatures (collateral kills)
  A ballistomycete spore (D:7)
1 creature vanquished.

Vanquished Creatures (others)
  4 withered plants (D:5)
4 creatures vanquished.

Grand Total: 184 creatures vanquished

Notes
Turn   | Place    | Note
-------+----------+-------------------------------------------
     0 | D:1      | a3don the Troll Earth Elementalist began the quest for the
                  | Orb.
     0 | D:1      | Reached XP level 1. HP: 16/16 MP: 1/1
   255 | D:1      | Found a faded altar of an unknown god.
   376 | D:1      | Reached XP level 2. HP: 22/26 MP: 3/3
   605 | D:1      | Reached skill level 1 in Transmutations
  1073 | D:2      | Reached skill level 1 in Unarmed Combat
  1073 | D:2      | Reached XP level 3. HP: 10/32 MP: 4/4
  1418 | D:2      | Reached skill level 1 in Fighting
  1466 | D:2      | Noticed an ogre
  1513 | D:2      | Killed an ogre
  1514 | D:2      | Reached XP level 4. HP: 41/41 MP: 5/5
  1514 | D:2      | Reached XP level 5. HP: 48/48 MP: 6/6
  2471 | D:3      | Found a blossoming altar of Fedhas.
  2482 | D:3      | Found a stormy altar of Qazlal.
  2490 | D:3      | Became a worshipper of Fedhas Madash
  2699 | D:3      | Found a glowing drain.
  2840 | Sewer    | Entered a sewer
  2972 | Sewer    | Reached XP level 6. HP: 25/57 MP: 8/8
  3193 | Sewer    | Reached * piety under Fedhas
  3977 | D:4      | Reached XP level 7. HP: 51/66 MP: 5/9
  4384 | D:4      | Noticed Menkaure
  4386 | D:4      | Reached ** piety under Fedhas
  4393 | D:4      | Killed Menkaure
  4485 | D:4      | Found a sparkling altar of Nemelex Xobeh.
  4707 | D:4      | Learned a level 3 spell: Stone Arrow
  4741 | D:5      | Entered Level 5 of the Dungeon
  4752 | D:5      | Found Ybuchu's Book Shop.
  4949 | D:5      | Found a glowing golden altar of the Shining One.
  4964 | D:5      | Reached XP level 8. HP: 75/75 MP: 5/11
  5081 | D:5      | Found an ancient bone altar of Kikubaaqudgha.
  5091 | D:5      | Found a staircase to the Ecumenical Temple.
  5207 | D:5      | Reached skill level 1 in Invocations
  5455 | D:5      | Reached skill level 1 in Conjurations
  5845 | D:6      | Identified the +9 rapier of Narrow Purpose {freeze, Str+8}
  5998 | D:6      | Reached *** piety under Fedhas
  6044 | D:5      | Reached skill level 5 in Earth Magic
  6395 | D:6      | Learned a level 2 spell: Passwall
  6646 | D:6      | Reached XP level 9. HP: 84/84 MP: 12/12
  7052 | D:7      | Found a flagged portal.
  7122 | Bailey   | Entered a bailey
  7285 | Bailey   | Noticed an orc knight
  7286 | Bailey   | Noticed an orc knight
  7660 | D:7      | Killed an orc knight
  7661 | D:7      | Reached skill level 5 in Unarmed Combat
  7967 | D:7      | Learned a level 4 spell: Sticky Flame
  8298 | D:7      | Found Uxkashruxu's Antique Weapon Emporium.
  8699 | D:8      | Found a staircase to the Lair.
  8858 | D:8      | Found a sacrificial altar of Ru.
  8868 | D:8      | Paralysed by a hornet for 3 turns
  8870 | D:8      | Slain by a hornet

Illustrated notes

Levels and vault maps discovered:
D:1:      wander_arrival_peaceful_grave, layout_basic,
          hellmonk_ecumenical_altar_heavens_door, minmay_misc_feat_tower,
          minmay_domino_4
D:2:      layout_loops_corners
D:3:      layout_basic, grunt_temple_overflow_forces_of_nature,
          portal_sewer_entry_e
D:4:      layout_rooms, mainiacjoe_overflow_surrounded_room, uniq_menkaure
D:5:      layout_rooms, nicolae_tso_besieged_by_evil, kiku_gazebo_garden_becter,
          minmay_temple_entry_grid, serial_shops, shop_statue,
          chequers_serial_rivers_micro_a, fountainhead, minmay_small_thing
D:6:      layout_basic, nicolae_ossuary_entry_catacombs
D:7:      layout_layer_cave, serial_shops, shop, enter_bailey_1,
          nicolae_fountain_basement
D:8:      layout_basic, nicolae_ru_awakened_eye, lemuel_tele_altar

Skill      XL: |  1  2  3  4  5  6  7  8  9 |
---------------+----------------------------+-----
Transmutations | 1 2 3 4 |  4.0
Unarmed Combat | 1 2 3 4 5 |  5.2
Earth Magic    | 3 4 5 |  5.6
Fighting       | 1 2 3 4 |  4.3
Spellcasting   | 2 3 |  3.6
Invocations    | 2 4 |  4.3
Dodging        | 2 3 |  3.4
Conjurations   | 1 2 |  2.7
Stealth        | |  1.0
Fire Magic     | |  0.6

Action                   |  1- 3 |  4- 6 |  7- 9 || total
-------------------------+-------+-------+-------++-------
Melee: Unarmed           |   107 |   139 |   399 ||   645
       Punch             |     1 |     1 |     8 ||    10
Throw: Dart              |       |       |    26 ||    26
 Cast: Sandblast         |       |    51 |    37 ||    88
       Stone Arrow       |       |       |    13 ||    13
Invok: Wall of Briars    |       |       |     1 ||     1
       Grow Ballistomyce |       |       |     1 ||     1
 Stab: Sleeping          |     6 |       |     5 ||    11
       Confused          |       |       |     1 ||     1
Armor: Robe              |    47 |    46 |   110 ||   203
Dodge: Dodged            |    57 |    57 |   187 ||   301
Block: Other             |       |       |     7 ||     7

Table legend: (Time is in decaauts)
 A = Elapsed time spent in this place.
 B = Non-inter-level travel time spent in this place.
 C = Inter-level travel time spent in this place.
 D = Time resting spent in this place.
 E = Time spent auto-exploring this place.
 F = Levels seen in this place.
 G = Mean time per level.
                   A        B        C        D        E       F      G
               +--------+--------+--------+--------+--------+-----+--------+
         Total |   9007 |   8713 |    294 |    724 |   5680 |  10 |  900.7 |
       Dungeon |   7849 |   7555 |    294 |    650 |   5088 |   8 |  981.1 |
         Sewer |    988 |    988 |      0 |     60 |    566 |   1 |  988.0 |
        Bailey |    170 |    170 |      0 |     14 |     25 |   1 |  170.0 |
               +--------+--------+--------+--------+--------+-----+--------+

Top non-repeatable levels by time:
     D:7: 1655 daAuts
     D:2: 1233 daAuts
     D:6: 1187 daAuts
     D:1: 1017 daAuts
   Sewer: 988 daAuts
     D:5: 893 daAuts
     D:4: 849 daAuts
     D:3: 812 daAuts
     D:8: 199 daAuts
  Bailey: 170 daAuts
